 Dungeon Crawl Stone Soup version 0.28-a0-533-g9f97627e2a (webtiles) character file.

Game seed: 2971245899358154413

19017 heikuro the Severer (level 12, -1/112 HPs)
             Began as a Minotaur Fighter on Sept 25, 2021.
             Was a High Priest of Okawaru.
             Slain by a freezing wraith (25 damage)
             ... on level 12 of the Dungeon.
             The game lasted 00:24:38 (17830 turns).

heikuro the Severer (Minotaur Fighter)             Turns: 17830, Time: 00:24:39

Health: -1/112     AC: 10    Str: 25    XL:     12   Next: 32%
Magic:  16/16      EV: 11    Int: 10    God:    Okawaru [*****.]
Gold:   601        SH:  4    Dex: 11    Spells: 11/11 levels left

rFire   + . .      SeeInvis +   a - +8 broad axe of the Hidden Persimmons {vorpal, rN+ rCorr}
rCold   x . .      Faith    .   c - +0 buckler
rNeg    + . .      Spirit   .   T - +3 salamander hide armour {Flames rF++ rC--}
rPois   .          Reflect  .   (helmet restricted)
rElec   .          Harm     .   (no cloak)
rCorr   +          Rampage  .   b - +0 pair of gloves
Will    .....                   P - +0 pair of boots
Stlth   +.........              d - amulet of the acrobat
HPRegen 0.28/turn               U - ring of ice
MPRegen 0.15/turn               S - ring of Laxzaojy {Int+5 SInv}

@: no status effects
A: horns 2, retaliatory headbutt
a: Renounce Religion, Heroism, Finesse, Duel


You were on level 12 of the Dungeon.
You worshipped Okawaru.
Okawaru was extremely pleased with you.
You visited 2 branches of the dungeon, and saw 13 of its levels.
You also visited: Ossuary, Bailey and Gauntlet.

You collected 601 gold pieces.

Inventory:

Hand Weapons
 a - the +8 broad axe of the Hidden Persimmons (weapon) {vorpal, rN+ rCorr}
   (Okawaru gifted it to you on level 11 of the Dungeon)

   It inflicts extra damage upon your enemies.
   rN:        It protects you from negative energy.
   rCorr:     It protects you from acid and corrosion.
 O - a +0 war axe
Missiles
 k - 3 throwing nets
 n - 67 poisoned darts (quivered)
 F - 59 boomerangs
Armour
 b - a +0 pair of gloves (worn)
 c - a +0 buckler (worn)
 l - +0 acid dragon scales
 q - a +0 chain mail
 P - a +0 pair of boots (worn)
 T - the +3 salamander hide armour (worn) {Flames rF++ rC--}
   (You found it in a Gauntlet)

   It surrounds you with a cloud of flames.
   It grants immunity to clouds of flame.
   It enhances your fire magic.
   rF:        It greatly protects you from fire.
   rC:        It makes you very vulnerable to cold.
Jewellery
 d - an amulet of the acrobat (around neck)
 v - a ring of flight
 S - the ring of Laxzaojy (right hand) {Int+5 SInv}
   (You found it in a Gauntlet)

   [ring of see invisible]

   Int:       It affects your intelligence (+5).
   SInv:      It lets you see invisible.
 U - a ring of ice (left hand)
Wands
 w - a wand of polymorph (8)
 I - a wand of flame (18)
 K - a wand of iceblast (7)
Scrolls
 e - 6 scrolls of teleportation
 h - 3 scrolls of amnesia {unknown}
 i - 2 scrolls of fog {unknown}
 o - 4 scrolls of fear {unknown}
 p - 2 scrolls of enchant weapon {unknown}
 r - a scroll of silence {unknown}
 y - 2 scrolls of noise {unknown}
 A - a scroll of blinking {unknown}
 B - 2 scrolls of enchant armour {unknown}
 C - 4 scrolls of vulnerability {unknown}
 E - a scroll of holy word {unknown}
 L - a scroll of brand weapon {unknown}
 N - 2 scrolls of torment {unknown}
 Q - a scroll of immolation {unknown}
 V - 3 scrolls of identify
Potions
 f - 3 potions of curing
 g - 3 potions of heal wounds
 j - a potion of might
 m - 2 potions of lignification
 s - 3 potions of flight {unknown}
 t - 4 potions of resistance
 u - 3 potions of magic
 x - 3 potions of ambrosia
 z - a potion of berserk rage
 D - 2 potions of invisibility {unknown}
 G - a potion of brilliance {unknown}
 H - a potion of cancellation {unknown}
 J - 3 potions of mutation
 M - a potion of haste {unknown}
Miscellaneous
 R - a condenser vane


   Skills:
 + Level 12.1 Fighting
 - Level 16.0 Axes
 + Level 12.0 Armour
 - Level 4.0 Shields
 + Level 7.4 Invocations


You had 11 spell levels left.
You didn't know any spells.
Your spell library contained the following spells:

 Spells                   Type           Power      Damage    Failure   Level
 Pain                     Necr           0%         1d4       38%         1
 Ensorcelled Hibernation  Hex/Ice        0%         N/A       54%         2
 Portal Projectile        Hex/Tloc       0%         N/A       77%         3
 Vampiric Draining        Necr           0%         2d6       77%         3
 Blade Hands              Tmut           0%         N/A       100%        5
 Excruciating Wounds      Necr           0%         N/A       100%        5
 Fireball                 Conj/Fire      0%         3d3       100%        5
 Starburst                Conj/Fire      0%         6d3       100%        6
 Ignition                 Fire           0%         3d3       100%        8
 Animate Skeleton         Necr           Unusable   N/A       N/A         1
 Tukima's Dance           Hex            Unusable   N/A       N/A         3

Dungeon Overview and Level Annotations

Branches:
Dungeon (12/15)            Temple (1/1) D:7            Lair (0/6) D:10
    Orc (0/2) D:12        Ossuary (visited)          Bailey (visited)
Gauntlet (visited)

Altars:
Ashenzari
Cheibriados
Dithmenos
Elyvilon
Fedhas
Gozag
Hepliaklqana
Kikubaaqudgha
Makhleb
Nemelex Xobeh
Okawaru
Qazlal
Ru
Sif Muna
Trog
Uskayaw
Vehumet
Wu Jian
Xom
Yredelemnul
Zin
The Shining One

Shops:
D:8 *


Innate Abilities, Weirdness & Mutations

You have a pair of horns on your head.
You reflexively headbutt those who attack you in melee.


Message History

The moth of wrath is heavily wounded.
You closely miss the freezing wraith. You slash the boulder beetle!
You barely miss the fire crab.
The moth of wrath is engulfed in blazing flames.
The moth of wrath barely misses you. The boulder beetle misses you.
You furiously retaliate!
You headbutt the boulder beetle, but do no damage.
The fire crab bites you.
You are engulfed in flames.
You resist. The fire crab misses you.
You slash the moth of wrath!
The moth of wrath is almost dead.
You hit the fire crab.
You hit the boulder beetle but do no damage.
You hit the freezing wraith but do no damage.
The freezing wraith is engulfed in blazing flames.
The freezing wraith hits you. The freezing wraith freezes you!!
You feel a terrible chill!
* * * LOW HITPOINT WARNING * * *
The freezing wraith hits you!
* * * LOW HITPOINT WARNING * * *
The deep elf pyromancer gestures wildly while chanting.
The deep elf pyromancer blinks!
The moth of wrath is engulfed in blazing flames.
You kill the moth of wrath!
Okawaru accepts your kill.
The moth of wrath's shape twists and changes as it dies.
The boulder beetle is engulfed in blazing flames.
The boulder beetle bites you!
* * * LOW HITPOINT WARNING * * *
Your Armour skill increases to level 12!
Unknown command.
You feel much better. The fire crab breathes flames at you.
The blast of flame engulfs you. You resist.
* * * LOW HITPOINT WARNING * * *
The freezing wraith is engulfed in blazing flames.
The freezing wraith hits you!
* * * LOW HITPOINT WARNING * * *
The freezing wraith freezes you!!
You feel a terrible chill!
You die...

########.##.####........
........................
#.#####.#####.###.......
#)##.#.##.....#.......
#.#.#.#.#.8.8.#..>....
..#.#.#°..8..........
#.#.#(#○#.8.8.#.......
#)##°#○##.....#..##### #
##@#####.###..# ###


#QWBty# .#.# # #§§ #HzOeH# .# #§≈ ..B.og... . #§§ .##.[)..##. #≈≈ #. #.....# #
#≈≈ # ###.### ### ... You could see 2 boulder beetles, an orc knight, a skeletal
warrior, a tengu warrior, a two-headed ogre, a fire crab, 2 manticores, a
freezing wraith, a deep elf pyromancer, a vampire mosquito and a boggart.

Vanquished Creatures
  A minotaur (Gauntlet)
  A green death (Gauntlet)
  Harold (D:9)
  A boulder beetle (D:11)
  3 two-headed ogres
  Nergalle (D:11)
  An orc knight (Bailey)
  An oklob plant (Gauntlet)
  2 cyclopes
  A manticore (D:11)
  A worldbinder (Gauntlet)
  A moth of wrath (shapeshifter) (D:12)
  A gargoyle (D:11)
  2 orange demons (Gauntlet)
  Psyche (D:11)
  A komodo dragon (D:11)
  4 trolls
  3 hornets
  Grinder (D:6)
  6 slime creatures (D:12)
  2 wraiths
  11 yaks
  A basilisk (D:12)
  5 acid dragons
  11 orc warriors
  A black bear (D:6)
  An ice beast (D:7)
  An ogre (D:4)
  A boggart (Gauntlet)
  3 centaurs
  A phantom (D:5)
  3 elf zombies (Ossuary)
  2 kobold brigands (D:9)
  A bullfrog (D:7)
  A gnoll sergeant (D:9)
  4 scorpions
  9 wights
  4 howler monkeys
  A jelly (D:5)
  9 centaur zombies
  3 human zombies (Ossuary)
  An iron imp (D:5)
  10 orc priests
  3 hounds
  A centaur skeleton (D:3)
  9 orc wizards
  5 iguanas
  3 mummies (Ossuary)
  A hound skeleton (D:5)
  7 gnolls
  A howler monkey skeleton (D:4)
  9 adders
  3 shadow imps
  A white imp (D:5)
  2 adder skeletons
  5 worms
  3 dart slugs
  30 orcs
  4 endoplasms
  3 giant cockroaches
  12 goblins
  8 hobgoblins
  2 quokkas
  12 ball pythons
  7 bats
  3 frilled lizards
  A goblin skeleton (D:5)
  A goblin zombie (D:5)
  3 hobgoblin zombies (D:5)
  42 kobolds
  A kobold skeleton (D:5)
  2 kobold zombies (D:5)
  An orc skeleton (D:5)
  2 orc zombies (D:5)
  6 rats
313 creatures vanquished.

Vanquished Creatures (others)
  10 plants (D:1)
  15 withered plants (D:1)
25 creatures vanquished.

Grand Total: 338 creatures vanquished

Notes
Turn   | Place    | Note
-------+----------+-------------------------------------------
     0 | D:1      | heikuro the Minotaur Fighter began the quest for the Orb.
     0 | D:1      | Reached XP level 1. HP: 19/19 MP: 0/0
   135 | D:1      | Found a faded altar of an unknown god.
   185 | D:1      | Reached XP level 2. HP: 27/27 MP: 1/1
   247 | D:1      | Reached skill level 3 in Axes
   795 | D:1      | Reached XP level 3. HP: 30/33 MP: 2/2
  1638 | D:2      | Reached XP level 4. HP: 39/40 MP: 3/3
  1639 | D:2      | Reached skill level 4 in Axes
  2272 | D:3      | Reached XP level 5. HP: 37/37 MP: 4/4
  2514 | D:3      | Reached skill level 5 in Axes
  2551 | D:3      | Reached skill level 5 in Fighting
  3109 | D:3      | Reached skill level 5 in Armour
  3204 | D:4      | Reached XP level 6. HP: 51/56 MP: 5/5
  3362 | D:4      | Reached skill level 6 in Axes
  3891 | D:4      | Noticed an orc warrior
  3906 | D:4      | Killed an orc warrior
  3907 | D:4      | Reached XP level 7. HP: 13/62 MP: 6/6
  4151 | D:4      | Reached skill level 7 in Axes
  4305 | D:4      | Found an ancient bone altar of Kikubaaqudgha.
  4842 | D:5      | Entered Level 5 of the Dungeon
  5054 | D:5      | Reached skill level 8 in Axes
  5182 | D:5      | Reached XP level 8. HP: 52/71 MP: 7/7
  5437 | D:5      | Found a glowing golden altar of the Shining One.
  6081 | D:6      | Noticed Grinder
  6094 | D:6      | Reached skill level 9 in Axes
  6096 | D:6      | Killed Grinder
  6449 | D:6      | Noticed a two-headed ogre
  6474 | D:6      | Killed a two-headed ogre
  6475 | D:6      | Reached skill level 10 in Axes
  6475 | D:6      | Reached XP level 9. HP: 11/81 MP: 8/8
  7351 | D:7      | Found an iron altar of Okawaru.
  7358 | D:7      | Became a worshipper of Warmaster Okawaru
  7395 | D:7      | Found a flagged portal.
  7411 | Bailey   | Entered a bailey
  7794 | Bailey   | Noticed an orc knight
  8151 | Bailey   | Killed an orc knight
  8151 | Bailey   | Reached * piety under Okawaru
  8152 | Bailey   | Reached skill level 11 in Axes
  8152 | Bailey   | Reached skill level 1 in Invocations
  9011 | D:7      | Found a sacrificial altar of Ru.
  9627 | D:7      | Found a staircase to the Ecumenical Temple.
  9636 | Temple   | Entered the Ecumenical Temple
 10168 | D:8      | Found a basalt altar of Yredelemnul.
 10168 | D:8      | Found a shimmering altar of Xom.
 10201 | D:8      | Found Yzidolod's Neck Hole.
 10241 | D:8      | Reached ** piety under Okawaru
 10242 | D:8      | Reached skill level 12 in Axes
 10242 | D:8      | Reached XP level 10. HP: 29/91 MP: 11/11
 10272 | D:8      | Found a sand-covered staircase.
 10317 | Ossuary  | Entered an ossuary
 12920 | D:9      | Noticed Harold
 12929 | D:9      | Killed Harold
 12929 | D:9      | Reached *** piety under Okawaru
 12930 | D:9      | Reached skill level 13 in Axes
 12983 | D:10     | Entered Level 10 of the Dungeon
 13103 | D:10     | Found a staircase to the Lair.
 13117 | D:10     | Reached skill level 10 in Fighting
 13345 | D:10     | Reached skill level 10 in Armour
 13685 | D:10     | Reached **** piety under Okawaru
 13690 | D:10     | Reached skill level 5 in Invocations
 13932 | D:10     | Reached XP level 11. HP: 15/98 MP: 11/13
 14788 | D:11     | Noticed Psyche
 14799 | D:11     | Killed Psyche
 14912 | D:11     | Reached skill level 14 in Axes
 14945 | D:11     | Noticed Nergalle
 14967 | D:11     | Killed Nergalle
 15165 | D:11     | Noticed a boulder beetle
 15169 | D:11     | Found a gate leading to a gauntlet.
 15195 | D:11     | Killed a boulder beetle
 15195 | D:11     | Reached ***** piety under Okawaru
 15200 | Gauntlet | Entered a Gauntlet
 15200 | Gauntlet | Noticed an oklob plant
 15200 | Gauntlet | Found a transporter.
 15621 | Gauntlet | Found a transporter.
 15623 | Gauntlet | Found a transporter.
 15633 | Gauntlet | Found a runed translucent gate.
 15633 | Gauntlet | Found a transporter.
 15634 | Gauntlet | Found a runed translucent gate.
 15634 | Gauntlet | Found a runed translucent gate.
 15636 | Gauntlet | Found a transporter.
 15639 | Gauntlet | Noticed a reaper
 15647 | Gauntlet | Found a transporter.
 15665 | Gauntlet | Found a transporter.
 15677 | Gauntlet | Found a transporter.
 15684 | Gauntlet | Noticed a green death
 15687 | Gauntlet | Found a transporter.
 15689 | Gauntlet | Found the +3 salamander hide armour {Flames rF++ rC--}
 15708 | Gauntlet | Found a transporter.
 15721 | Gauntlet | Found a transporter.
 15721 | Gauntlet | Found a transporter.
 15781 | Gauntlet | Found a transporter.
 15781 | Gauntlet | Found a transporter.
 15788 | Gauntlet | Noticed a wolf spider
 15791 | Gauntlet | a wolf spider changed into a faun
 15801 | Gauntlet | Noticed a sea snake
 15910 | Gauntlet | Killed an oklob plant
 15911 | Gauntlet | Noticed a two-headed ogre
 15911 | Gauntlet | a faun changed into a two-headed ogre
 15927 | Gauntlet | Noticed a lindwurm
 15927 | Gauntlet | a redback changed into a lindwurm
 15938 | Gauntlet | Noticed a glowing orange brain
 15938 | Gauntlet | a lindwurm changed into a glowing orange brain
 15962 | Gauntlet | a two-headed ogre changed into a faun
 15969 | Gauntlet | a glowing orange brain changed into a swamp worm
 16204 | Gauntlet | Killed a green death
 16454 | Gauntlet | Identified the ring of Laxzaojy {Int+5 SInv}
 16507 | Gauntlet | Noticed a minotaur
 16515 | Gauntlet | Killed a minotaur
 16516 | Gauntlet | Reached skill level 15 in Axes
 17142 | D:11     | Identified the +8 broad axe of the Hidden Persimmons
                  | {vorpal, rN+ rCorr} (Okawaru gifted it to you on level 11
                  | of the Dungeon)
 17142 | D:11     | Received a gift from Okawaru
 17513 | D:12     | Reached XP level 12. HP: 108/111 MP: 16/16
 17523 | D:12     | Noticed a two-headed ogre
 17531 | D:12     | Killed a two-headed ogre
 17573 | D:12     | Found a staircase to the Orcish Mines.
 17728 | D:12     | Noticed a two-headed ogre
 17735 | D:12     | Killed a two-headed ogre
 17824 | D:12     | Reached skill level 16 in Axes
 17824 | D:12     | Noticed a two-headed ogre
 17824 | D:12     | Noticed a boulder beetle
 17825 | D:12     | Noticed a tengu warrior
 17825 | D:12     | Noticed a boulder beetle
 17830 | D:12     | Slain by a freezing wraith

Illustrated notes

Levels and vault maps discovered:
D:1:      dpeg_arrival_brainrot, layout_basic,
          shapermc_ecumenical_altar_flowoftime
D:2:      layout_rooms, minmay_box_of_dots
D:3:      layout_basic, st_stairs_1
D:4:      layout_basic, kiku_gazebo_pond_becter
D:5:      layout_rooms, nicolae_tso_besieged_by_evil
D:6:      layout_loops_ring, roderic_lattice_a, uniq_grinder
D:7:      layout_gridville, mainiacjoe_overflow_tiny_flanked,
          nicolae_ru_sacrificial_ziggurat, temple_pool_b, enter_bailey_2,
          serial_park_tiny_2
D:8:      layout_basic, chequers_temple_overflow_statue_of_worship,
          nicolae_ossuary_entry_ruins, nicolae_shop_sticking_my_neck_out
D:9:      layout_loops_corners, uniq_harold
D:10:     layout_cave_pods, lair_entry_dummy, serial_bayou_ford_a
D:11:     layout_irregular_city, gauntlet_entry_generic, uniq_psyche,
          uniq_nergalle
D:12:     minmay_the_grid_square_5x5_3x3 [minmay_the_grid_square_5x5_minibox,
          minmay_the_grid_square_5x5_one_wall, minmay_the_grid_square_5x5_seven,
          minmay_the_grid_square_5x5_half_checkered,
          minmay_the_grid_square_5x5_megaprize_open,
          minmay_the_grid_square_5x5_doubleslash,
          minmay_the_grid_square_5x5_tie, minmay_the_grid_square_5x5_checkered,
          minmay_the_grid_square_5x5_shrine1], layout_small_grid, david_orc_4,
          grunt_ministairs_15
Temple:   eino_temple_rhombus

Skill      XL: |  1  2  3  4  5  6  7  8  9 10 11 12 |
---------------+-------------------------------------+-----
Axes           | 3 4 5 6 8 10 12 13 15 16 | 16.0
Armour         | 4 5 6 8 9 10 11 12 | 12.0
Fighting       | 4 5 6 8 9 10 11 12 | 12.1
Shields        | 4 |  4.0
Invocations    | 3 5 6 7 |  7.4

Action                   |  1- 3 |  4- 6 |  7- 9 | 10-12 || total
-------------------------+-------+-------+-------+-------++-------
Melee: War axe           |   106 |   109 |   253 |   327 ||   795
       Headbutt          |    21 |    28 |    54 |    91 ||   194
       Unarmed           |       |       |    17 |       ||    17
       Broad axe         |       |       |       |    42 ||    42
Throw: Dart              |       |     5 |    23 |     9 ||    37
       Boomerang         |       |       |    27 |       ||    27
       Throwing net      |       |       |       |     4 ||     4
Invok: Heroism           |       |       |     1 |    11 ||    12
       Finesse           |       |       |       |     2 ||     2
  Use: Scroll            |       |       |     7 |     6 ||    13
       Potion            |       |       |     1 |     3 ||     4
Armor: Scale mail        |    40 |    20 |       |       ||    60
       Chain mail        |       |    39 |    81 |       ||   120
       Skin              |       |       |     8 |       ||     8
       Acid dragon scale |       |       |    69 |   123 ||   192
       Leather armour    |       |       |       |    11 ||    11
Dodge: Dodged            |    47 |    64 |   199 |   219 ||   529
Block: Buckler           |    17 |    21 |    65 |    62 ||   165

Table legend: (Time is in decaauts)
 A = Elapsed time spent in this place.
 B = Non-inter-level travel time spent in this place.
 C = Inter-level travel time spent in this place.
 D = Time resting spent in this place.
 E = Time spent auto-exploring this place.
 F = Levels seen in this place.
 G = Mean time per level.
                   A        B        C        D        E       F      G
               +--------+--------+--------+--------+--------+-----+--------+
         Total |  17840 |  17438 |    402 |   5300 |   8763 |  16 | 1115.0 |
       Dungeon |  14045 |  13660 |    385 |   3241 |   7819 |  12 | 1170.4 |
        Temple |    167 |    150 |     17 |      0 |    137 |   1 |  167.0 |
       Ossuary |    534 |    534 |      0 |    387 |     28 |   1 |  534.0 |
        Bailey |   1552 |   1552 |      0 |   1060 |    154 |   1 | 1552.0 |
      Gauntlet |   1541 |   1541 |      0 |    612 |    625 |   1 | 1541.0 |
               +--------+--------+--------+--------+--------+-----+--------+

Top non-repeatable levels by time:
    D:10: 1775 daAuts
     D:6: 1687 daAuts
     D:4: 1661 daAuts
  Bailey: 1552 daAuts
Gauntlet: 1541 daAuts
     D:9: 1419 daAuts
     D:7: 1186 daAuts
    D:11: 1153 daAuts
     D:2: 1142 daAuts
     D:3: 1075 daAuts
     D:1: 1032 daAuts
     D:8: 828 daAuts
     D:5: 763 daAuts
 Ossuary: 534 daAuts
    D:12: 319 daAuts
